 Dungeon Crawl Stone Soup version 0.28.0 (webtiles) character file.

Game seed: 2940736649175884426

85 freelancePsychic the Conjurer (level 4, -1/26 HPs)
             Began as a Tengu Earth Elementalist on Feb 9, 2022.
             Killed from afar by an orc wizard (8 damage)
             ... with a magic dart
             ... on level 3 of the Dungeon.
             The game lasted 00:05:20 (2812 turns).

freelancePsychic the Conjurer (TeEE)                Turns: 2812, Time: 00:05:20

Health: -1/26      AC:  5    Str:  8    XL:     4   Next: 48%
Magic:  7/8        EV: 12    Int: 17    God:
Gold:   77         SH:  0    Dex: 15    Spells: 3/7 levels left

rFire   . . .      SeeInvis .   c - +2 dagger (flame)
rCold   . . .      Faith    .   (no shield)
rNeg    . . .      Spirit   .   b - +0 robe
rPois   .          Reflect  .   (helmet restricted)
rElec   .          Harm     .   (no cloak)
rCorr   .          Rampage  .   l - +2 pair of gloves {hurl}
Will    .....                   (boots unavailable)
Stlth   ++........              (no amulet)
HPRegen 0.08/turn               (no ring)
MPRegen 0.11/turn               (no ring)

@: no status effects
A: beak, talons 3
a: no special abilities


You were on level 3 of the Dungeon.
You visited 1 branch of the dungeon, and saw 3 of its levels.

You collected 77 gold pieces.

Inventory:

Hand Weapons
 c - a +2 dagger of flaming (weapon)
 d - a +0 quarterstaff
Missiles
 m - 33 stones
Armour
 b - a +0 robe (worn)
 l - a +2 pair of gloves of hurling (worn)
Scrolls
 f - 2 scrolls of fear {unknown}
 g - a scroll of blinking {unknown}
 h - 2 scrolls of enchant weapon {unknown}
 i - 2 scrolls of immolation {unknown}
 k - 2 scrolls of identify {unknown}
 o - a scroll of fog {unknown}
 p - a scroll of amnesia {unknown}
Potions
 a - a potion of curing {unknown}
 e - a potion of cancellation {unknown}
 j - 2 potions of mutation {unknown}
 n - a potion of degeneration {unknown}


   Skills:
 - Level 1.8 Fighting
 - Level 2.1 Dodging
 - Level 2.0 Stealth
 + Level 2.1 Spellcasting
 + Level 4.2 Conjurations
 - Level 0.7 Transmutations
 - Level 2.1 Earth Magic


You had 3 spell levels left.
You knew the following spells:

 Your Spells              Type           Power      Damage    Failure   Level
a - Sandblast             Erth           18%        2d7       8%          1
b - Stone Arrow           Conj/Erth      24%        3d8       16%         3

Your spell library contained the following spells:

 Spells                   Type           Power      Damage    Failure   Level
 Passwall                 Tmut/Erth      5%         N/A       16%         2
 Petrify                  Tmut/Erth      6%         N/A       71%         4


Dungeon Overview and Level Annotations

Branches:
Dungeon (3/15)

Altars:


Innate Abilities, Weirdness & Mutations

You have a beak for a mouth.
You have claws for feet.


Message History

The orc wizard shouts!
The orc barely misses you.
You hit the orc but do no damage. You claw the orc, but do no damage.
The orc hits you with a +0 flail!
The orc wizard mumbles some strange words.
The orc wizard flickers and vanishes!
Deactivating autopickup; reactivate with Ctrl-A.
Casting: Sandblast (safe; 8% risk of failure)
Confirm with . or Enter, or press ? or * to list all spells.
Aiming: Sandblast (safe; 8% risk of failure)
Press: ? - help, Shift-Dir - straight line, f/p - orc
Aim: an orc, wielding a +0 flail and wearing a +0 chain mail (84% to hit)
The blast of sand hits the orc but does no damage.
The orc barely misses you.
Casting: Sandblast (safe; 8% risk of failure)
Confirm with . or Enter, or press ? or * to list all spells.
Aiming: Sandblast (safe; 8% risk of failure)
Press: ? - help, Shift-Dir - straight line, f - orc
Aim: an orc, wielding a +0 club and quivering boomerangs (78% to hit)
The blast of sand hits the orc!
The orc is almost dead.
Casting: Sandblast (safe; 8% risk of failure)
Confirm with . or Enter, or press ? or * to list all spells.
Aiming: Sandblast (safe; 8% risk of failure)
Press: ? - help, Shift-Dir - straight line, f/p - orc
Aim: an orc, wielding a +0 club and quivering boomerangs (almost dead, 78% to hit)
The blast of sand hits the orc!
You kill the orc!
You hear some strange, mumbled words.
Something tries to affect you, but you resist.
A puff of flame appears from out of thin air!
The puff of flame misses you.
A magic dart appears from out of thin air!
The magic dart hits you!
A puff of flame appears from out of thin air!
The puff of flame hits you.
* * * LOW HITPOINT WARNING * * *
A magic dart appears from out of thin air!
The magic dart hits you!
You die...

#.## ##.## .##.. #..## #..#
..#... ######...###.## #
...... #.......##...# #
#....# #. ###.....#.##.###
###..#######. #...{####....#
................##.# #{.###
.......# #.####..# #...#
......## #<.#.@.## ##o.#
......#######...### #..##
..............).# #o..##
......##..####.## ####)#..#
......##..## #.######o...##.#
.#.#.......###...##...#####.#
.#.#..........##.#..### #.#
.#..........#.# .#.## #.#
....#.......#.## #.# #..


There were no monsters in sight!

Vanquished Creatures
  An adder (D:2)
  A dart slug (D:1)
  10 orcs
  4 ball pythons
  3 endoplasms
  2 giant cockroaches (D:1)
  8 goblins
  7 hobgoblins
  2 jackals (D:2)
  A quokka (D:1)
  6 bats
  4 frilled lizards
  4 kobolds
  7 rats
60 creatures vanquished.

Notes
Turn   | Place    | Note
-------+----------+-------------------------------------------
     0 | D:1      | freelancePsychic the Tengu Earth Elementalist began the
                  | quest for the Orb.
     0 | D:1      | Reached XP level 1. HP: 10/10 MP: 4/4
   115 | D:1      | Reached skill level 1 in Conjurations
   116 | D:1      | Reached XP level 2. HP: 16/16 MP: 3/6
   159 | D:2      | Reached skill level 1 in Fighting
   892 | D:2      | Reached skill level 2 in Conjurations
   905 | D:2      | Found a faded altar of an unknown god.
   941 | D:2      | Reached XP level 3. HP: 17/20 MP: 7/7
   947 | D:2      | Learned a level 3 spell: Stone Arrow
  1289 | D:1      | Reached skill level 3 in Conjurations
  1977 | D:2      | Reached XP level 4. HP: 14/26 MP: 8/8
  2298 | D:3      | Reached skill level 4 in Conjurations
  2812 | D:3      | Killed from afar by an orc wizard

Illustrated notes

Levels and vault maps discovered:
D:1:      dpeg_arrival_rooms_with_view, layout_rooms, minmay_hedge_maze
D:2:      layout_basic, hellmonk_ecumenical_altar_prayer_group
D:3:      layout_rooms, minmay_goblin_outpost

Skill      XL: |  1  2  3  4 |
---------------+-------------+-----
Conjurations   | 1 2 3 4 |  4.2
Fighting       | 1 |  1.8
Dodging        | |  2.1
Stealth        | |  2.0
Spellcasting   | |  2.1
Transmutations | |  0.7
Earth Magic    | |  2.1

Action                   |  1- 3 |  4- 6 || total
-------------------------+-------+-------++-------
Melee: Unarmed           |     6 |       ||     6
       Quarterstaff      |    11 |       ||    11
       Kick              |    21 |    10 ||    31
       Peck              |    15 |     3 ||    18
       Dagger            |    59 |    21 ||    80
 Cast: Sandblast         |    30 |    22 ||    52
Armor: Robe              |    42 |    10 ||    52
Dodge: Dodged            |    70 |    24 ||    94
